[ AOE2 MATCH · #505514949 ]
UnrankedTupi vs Malians
Player's team · WIN
Rival team · LOSS
[ REPLAY ANALYSIS · EXTRACTED FROM THE RECORDED GAME ]
Feudal
11:28
Castle
16:15
Imperial
—
| APM avg | 60.2 |
| APM peak | 101 |
| eAPM avg | 23.3 |
| Villagers / military | 66 / 6 |
Focus
⚔️ 37.5% · 🌾 62.5%
Unknown (2579) ×28 · Fishing Ship ×7 · Mangonel ×5 · Fire Galley ×1 · Unknown (2626) ×1
Feudal
9:47
Castle
24:42
Imperial
—
| APM avg | 59.6 |
| APM peak | 88 |
| eAPM avg | 26.8 |
| Villagers / military | 119 / 40 |
Focus
⚔️ 32.4% · 🌾 67.6%
Archer ×28 · Militia ×6 · Mangonel ×5 · Fishing Ship ×5 · Unknown (2626) ×2 · Skirmisher ×1
Match map
Initial resources + every placement click. Lines = walls · curves = elevation contours. ◆ gold · ⬟ stone · ● berries · ✦ relic · ◌ wall gap
Your base· Open — unwalled flank
[CL] Al3jandr0.magn00's base· Open — unwalled flank
Smoothed initial terrain · ◌ = detected wall gap · hover for details
Inputs per minute
— Edgar Davids - - [CL] Al3jandr0.magn00
Build order — Edgar Davids
First 150 of 166 actions detected
| 0:01 | Queue | Villager (Male) |
| 0:02 | Build | House |
| 0:05 | Queue | Villager (Male) |
| 0:08 | Build | House |
| 0:09 | Queue | Villager (Male) |
| 0:13 | Queue | Villager (Male) |
| 1:19 | Queue | Villager (Male) |
| 1:54 | Queue | Villager (Male) |
| 2:07 | Queue | Villager (Male) |
| 2:38 | Queue | Villager (Male) |
| 3:06 | Build | Settlement |
| 3:11 | Queue | Villager (Male) |
| 3:13 | Build | House |
| 3:40 | Queue | Villager (Male) |
| 4:06 | Queue | Villager (Male) |
| 4:21 | Queue | Villager (Male) |
| 4:42 | Queue | Villager (Male) |
| 5:05 | Build | Dock |
| 5:10 | Queue | Villager (Male) |
| 5:24 | Build | Palisade Wall |
| 5:25 | Build | Palisade Wall |
| 5:41 | Queue | Villager (Male) |
| 5:43 | Build | House |
| 5:46 | Queue | Fishing Ship |
| 5:59 | Queue | Villager (Male) |
| 6:31 | Queue | Fishing Ship |
| 6:34 | Queue | Villager (Male) |
| 6:48 | Queue | Villager (Male) |
| 7:09 | Queue | Fishing Ship |
| 7:19 | Research | Loom |
| 7:24 | Queue | Fishing Ship |
| 7:31 | Queue | Villager (Male) |
| 7:57 | Queue | Villager (Male) |
| 8:08 | Build | House |
| 8:22 | Queue | Fishing Ship |
| 8:26 | Queue | Villager (Male) |
| 8:59 | Build | Settlement |
| 9:15 | Queue | Villager (Male) |
| 9:18 | Research | Feudal Age |
| 9:22 | Queue | Fishing Ship |
| 9:49 | Queue | Fishing Ship |
| 11:04 | Queue | Villager (Male) |
| 11:28 | Age | Feudal Age |
| 11:34 | Queue | Villager (Male) |
| 11:37 | Build | Market |
| 12:07 | Build | Blacksmith |
| 12:16 | Build | Watch Tower |
| 12:18 | Queue | Villager (Male) |
| 12:23 | Build | Stone Wall |
| 12:25 | Build | Stone Wall |
| 12:28 | Build | Stone Wall |
| 12:34 | Queue | Villager (Male) |
| 12:56 | Queue | Villager (Male) |
| 13:25 | Build | Watch Tower |
| 13:35 | Research | Castle Age |
| 14:10 | Build | Outpost |
| 14:23 | Build | Watch Tower |
| 14:42 | Research | Fletching |
| 14:58 | Build | Settlement |
| 15:42 | Build | Settlement |
| 15:58 | Research | Town Watch |
| 16:03 | Queue | Villager (Male) |
| 16:15 | Age | Castle Age |
| 16:47 | Queue | Villager (Male) |
| 16:53 | Research | Bodkin Arrow |
| 17:39 | Build | Castle |
| 17:41 | Queue | Villager (Male) |
| 17:41 | Queue | Villager (Male) |
| 17:59 | Queue | Villager (Male) |
| 18:38 | Queue | Villager (Male) |
| 19:10 | Queue | Unit 2579 |
| 19:11 | Queue | Unit 2579 |
| 19:11 | Queue | Unit 2579 |
| 19:11 | Queue | Unit 2579 |
| 19:18 | Queue | Unit 2579 |
| 19:18 | Queue | Unit 2579 |
| 19:18 | Queue | Unit 2579 |
| 19:23 | Queue | Villager (Male) |
| 19:33 | Queue | Villager (Male) |
| 19:34 | Queue | Unit 2579 |
| 19:56 | Queue | Unit 2579 |
| 19:56 | Queue | Unit 2579 |
| 20:23 | Build | Outpost |
| 20:29 | Queue | Unit 2579 |
| 20:35 | Queue | Villager (Male) |
| 20:51 | Queue | Villager (Male) |
| 21:04 | Queue | Unit 2579 |
| 21:04 | Queue | Unit 2579 |
| 21:19 | Queue | Unit 2579 |
| 21:19 | Queue | Unit 2579 |
| 21:37 | Build | Siege Workshop |
| 21:50 | Queue | Unit 2579 |
| 21:51 | Queue | Unit 2579 |
| 22:03 | Queue | Villager (Male) |
| 22:09 | Queue | Villager (Male) |
| 22:14 | Queue | Unit 2579 |
| 22:14 | Queue | Unit 2579 |
| 22:26 | Queue | Villager (Male) |
| 22:35 | Research | Padded Archer Armor |
| 22:53 | Queue | Villager (Male) |
| 23:07 | Queue | Mangonel |
| 23:24 | Build | Outpost |
| 23:34 | Queue | Villager (Male) |
| 23:41 | Queue | Unit 2626 |
| 23:58 | Queue | Villager (Male) |
| 24:12 | Queue | Unit 2579 |
| 24:12 | Queue | Unit 2579 |
| 24:30 | Queue | Mangonel |
| 24:32 | Queue | Villager (Male) |
| 24:49 | Queue | Villager (Male) |
| 24:51 | Build | Outpost |
| 25:13 | Queue | Unit 2579 |
| 25:17 | Queue | Villager (Male) |
| 25:25 | Queue | Villager (Male) |
| 25:33 | Queue | Unit 2579 |
| 25:34 | Queue | Unit 2579 |
| 25:34 | Queue | Unit 2579 |
| 26:01 | Queue | Villager (Male) |
| 26:30 | Queue | Fire Galley |
| 26:40 | Queue | Unit 2579 |
| 26:43 | Queue | Unit 2579 |
| 26:44 | Queue | Unit 2579 |
| 27:02 | Build | Outpost |
| 27:10 | Queue | Villager (Male) |
| 27:24 | Queue | Villager (Male) |
| 27:43 | Queue | Mangonel |
| 28:12 | Build | Settlement |
| 28:14 | Build | Farm |
| 28:15 | Build | Farm |
| 28:15 | Build | Farm |
| 28:15 | Build | Farm |
| 28:28 | Build | Farm |
| 28:41 | Queue | Villager (Male) |
| 28:41 | Queue | Villager (Male) |
| 28:48 | Queue | Villager (Male) |
| 28:57 | Build | Castle |
| 29:30 | Queue | Villager (Male) |
| 29:35 | Queue | Villager (Male) |
| 29:49 | Queue | Villager (Male) |
| 30:01 | Queue | Villager (Male) |
| 30:08 | Build | Settlement |
| 30:12 | Queue | Villager (Male) |
| 30:31 | Queue | Mangonel |
| 30:46 | Queue | Villager (Male) |
| 31:51 | Queue | Villager (Male) |
| 32:12 | Queue | Villager (Male) |
| 32:19 | Build | Farm |
| 32:20 | Build | Farm |
| 32:20 | Build | Farm |
| 32:20 | Build | Farm |
Build order — [CL] Al3jandr0.magn00
First 150 of 280 actions detected
| 0:03 | Queue | Villager (Male) |
| 0:03 | Queue | Villager (Male) |
| 0:03 | Queue | Villager (Male) |
| 0:04 | Build | House |
| 0:08 | Build | House |
| 0:12 | Queue | Villager (Male) |
| 0:12 | Queue | Villager (Male) |
| 1:40 | Queue | Villager (Male) |
| 1:40 | Queue | Villager (Male) |
| 1:40 | Queue | Villager (Male) |
| 2:09 | Queue | Villager (Male) |
| 2:16 | Queue | Villager (Male) |
| 2:16 | Queue | Villager (Male) |
| 2:46 | Queue | Villager (Male) |
| 2:46 | Queue | Villager (Male) |
| 3:02 | Build | Lumber Camp |
| 3:23 | Queue | Villager (Male) |
| 3:24 | Queue | Villager (Male) |
| 3:33 | Build | House |
| 3:38 | Queue | Villager (Male) |
| 4:10 | Queue | Villager (Male) |
| 4:11 | Queue | Villager (Male) |
| 4:11 | Queue | Villager (Male) |
| 4:29 | Queue | Villager (Male) |
| 4:48 | Build | Dock |
| 4:58 | Queue | Villager (Male) |
| 5:10 | Build | House |
| 5:21 | Queue | Villager (Male) |
| 5:25 | Queue | Fishing Ship |
| 5:26 | Queue | Fishing Ship |
| 5:30 | Queue | Villager (Male) |
| 5:30 | Queue | Villager (Male) |
| 5:58 | Queue | Fishing Ship |
| 5:59 | Queue | Villager (Male) |
| 6:31 | Queue | Villager (Male) |
| 6:52 | Research | Loom |
| 7:00 | Build | Barracks |
| 7:09 | Queue | Villager (Male) |
| 7:37 | Research | Feudal Age |
| 7:37 | Research | Feudal Age |
| 7:51 | Build | House |
| 7:59 | Queue | Militia |
| 7:59 | Queue | Militia |
| 8:13 | Queue | Militia |
| 8:30 | Queue | Militia |
| 8:42 | Build | House |
| 9:47 | Age | Feudal Age |
| 9:50 | Research | Man-at-Arms (upgrade) |
| 9:54 | Build | Archery Range |
| 10:10 | Queue | Villager (Male) |
| 10:16 | Research | Double-Bit Axe |
| 10:22 | Queue | Militia |
| 10:23 | Queue | Militia |
| 10:38 | Build | House |
| 10:46 | Queue | Villager (Male) |
| 10:47 | Queue | Villager (Male) |
| 10:50 | Queue | Villager (Male) |
| 10:53 | Build | Mill |
| 10:57 | Queue | Villager (Male) |
| 10:58 | Queue | Villager (Male) |
| 11:06 | Build | Watch Tower |
| 11:15 | Build | Mining Camp |
| 11:20 | Queue | Archer |
| 11:20 | Queue | Archer |
| 11:21 | Queue | Villager (Male) |
| 11:21 | Queue | Villager (Male) |
| 11:27 | Build | House |
| 11:47 | Queue | Villager (Male) |
| 11:58 | Queue | Skirmisher |
| 12:26 | Queue | Archer |
| 12:40 | Queue | Villager (Male) |
| 12:41 | Queue | Villager (Male) |
| 12:59 | Queue | Archer |
| 13:09 | Queue | Villager (Male) |
| 13:11 | Queue | Archer |
| 13:26 | Build | Gate |
| 13:31 | Build | Outpost |
| 13:32 | Research | Town Watch |
| 13:35 | Research | Horse Collar |
| 13:35 | Queue | Villager (Male) |
| 13:36 | Queue | Villager (Male) |
| 13:39 | Queue | Archer |
| 13:39 | Queue | Archer |
| 13:43 | Queue | Villager (Male) |
| 14:03 | Queue | Archer |
| 14:06 | Queue | Villager (Male) |
| 14:16 | Build | Watch Tower |
| 14:18 | Queue | Archer |
| 14:19 | Queue | Archer |
| 14:29 | Build | Blacksmith |
| 14:31 | Queue | Villager (Male) |
| 14:46 | Build | House |
| 14:51 | Queue | Archer |
| 14:52 | Queue | Archer |
| 14:55 | Queue | Villager (Male) |
| 15:10 | Build | Watch Tower |
| 15:16 | Build | Watch Tower |
| 15:19 | Research | Fletching |
| 15:20 | Queue | Villager (Male) |
| 15:21 | Build | Farm |
| 15:27 | Queue | Archer |
| 15:27 | Queue | Archer |
| 15:32 | Queue | Villager (Male) |
| 15:48 | Queue | Villager (Male) |
| 15:51 | Build | House |
| 15:52 | Build | House |
| 16:02 | Queue | Archer |
| 16:02 | Queue | Archer |
| 16:10 | Queue | Villager (Male) |
| 16:16 | Build | Outpost |
| 16:37 | Build | Watch Tower |
| 16:38 | Queue | Villager (Male) |
| 16:40 | Build | Farm |
| 16:45 | Queue | Archer |
| 16:46 | Queue | Archer |
| 16:58 | Build | Watch Tower |
| 17:01 | Queue | Archer |
| 17:01 | Queue | Archer |
| 17:03 | Queue | Villager (Male) |
| 17:08 | Queue | Villager (Male) |
| 17:09 | Build | Farm |
| 17:10 | Build | Farm |
| 17:16 | Build | House |
| 17:35 | Build | House |
| 17:40 | Queue | Archer |
| 17:59 | Queue | Villager (Male) |
| 18:00 | Build | Farm |
| 18:01 | Build | Farm |
| 18:07 | Queue | Villager (Male) |
| 18:10 | Build | Lumber Camp |
| 18:36 | Queue | Villager (Male) |
| 18:38 | Build | Farm |
| 18:58 | Queue | Archer |
| 19:15 | Queue | Villager (Male) |
| 19:22 | Build | Watch Tower |
| 19:24 | Build | Mining Camp |
| 19:30 | Queue | Villager (Male) |
| 19:33 | Queue | Archer |
| 19:33 | Queue | Archer |
| 19:44 | Build | Watch Tower |
| 19:47 | Build | Watch Tower |
| 20:13 | Build | Watch Tower |
| 20:27 | Research | Wheelbarrow |
| 20:34 | Queue | Archer |
| 20:34 | Queue | Archer |
| 20:54 | Queue | Archer |
| 20:54 | Queue | Archer |
| 21:05 | Queue | Villager (Male) |
| 21:11 | Build | Market |
| 21:16 | Queue | Villager (Male) |
Match timeline
| 4:48 | [CL] Al3jandr0.magn00 · first_building Dock |
| 5:05 | Edgar Davids · first_building Dock |
| 5:24 | Edgar Davids · wall_segment Palisade Wall x1 |
| 5:25 | Edgar Davids · wall_segment Palisade Wall x1 |
| 7:00 | [CL] Al3jandr0.magn00 · first_building Barracks |
| 9:47 | [CL] Al3jandr0.magn00 · age_up feudal |
| 9:54 | [CL] Al3jandr0.magn00 · first_building Archery Range |
| 11:28 | Edgar Davids · age_up feudal |
| 12:23 | Edgar Davids · wall_segment Stone Wall x1 |
| 12:25 | Edgar Davids · wall_segment Stone Wall x1 |
| 12:28 | Edgar Davids · wall_segment Stone Wall x1 |
| 13:21 | Edgar Davids · first_market_sell 100 food |
| 13:22 | Edgar Davids · first_market_buy 100 wood |
| 16:15 | Edgar Davids · age_up castle |
| 17:39 | Edgar Davids · first_building Castle |
| 21:37 | Edgar Davids · first_building Siege Workshop |
| 21:42 | [CL] Al3jandr0.magn00 · first_market_buy 100 food |
| 24:42 | [CL] Al3jandr0.magn00 · age_up castle |
| 24:45 | [CL] Al3jandr0.magn00 · first_building Siege Workshop |
| 34:21 | [CL] Al3jandr0.magn00 · first_building Castle |
| 34:59 | [CL] Al3jandr0.magn00 · first_market_sell 500 stone |
| 35:15 | [CL] Al3jandr0.magn00 · resign |
[ AI ANALYSIS · 1 CREDIT ]
What really happened in this match?
Wolo.gg analyzes every decision: build order, eco, micro, common mistakes by bracket. Personalized analysis on WhatsApp or Discord in 30 seconds.
Civ guide
Tupi
Perfil
Edgar Davids